 Dungeon Crawl Stone Soup version 0.30-a0-986-g7f2e898f52 (webtiles) character file.

Game seed: 5088271459200030448

13111 Lobster4 the Zephyrmancer (level 11, 0/63 HPs)
             Began as a Deep Elf Air Elementalist on Apr 1, 2023.
             Shot with an arrow by something (17 damage)
             ... on level 12 of the Dungeon.
             The game lasted 00:46:52 (17623 turns).

Lobster4 the Zephyrmancer (DEAE)                   Turns: 17623, Time: 00:46:53

Health: 0/63       AC: 10    Str:  5    XL:     11   Next: 71%
Magic:  0/25       EV: 15    Int: 31    God:
Gold:   523        SH:  5    Dex: 15    Spells: 10/27 levels left

rFire   . . .      SeeInvis .    a - staff of air
rCold   . . .      Faith    .    v - +0 buckler
rNeg    . . .      Spirit   +    e - +2 robe {Will+}
rPois   +          Reflect  .    (no helmet)
rElec   +          Rampage  .    H - +2 cloak {rCorr}
rCorr   +                        J - +2 pair of gloves {infuse}
Will    ++...                    (no boots)
Stlth   +++                      j - amulet of guardian spirit
HPRegen 0.30/turn                p - ring of poison resistance
MPRegen 0.19/turn                t - +6 ring of intelligence

@: no status effects
A: no striking features
a: no special abilities


You were on level 12 of the Dungeon.
You visited 2 branches of the dungeon, and saw 13 of its levels.

You collected 763 gold pieces.
You spent 240 gold pieces at shops.

Inventory:

Hand Weapons
 b - a +0 sling
 i - a +5 long sword
 K - a +3 dagger of speed
 O - a +5 short sword
Missiles
 d - a curare-tipped dart
 f - 19 poisoned darts (quivered)
 x - 8 boomerangs
 V - 2 boomerangs of dispersal
Armour
 e - a +2 robe of willpower (worn)
 v - a +0 buckler (worn)
 H - a +2 cloak of preservation (worn)
 J - a +2 pair of gloves of infusion (worn)
 T - a +1 robe of cold resistance
Magical Staves
 a - a staff of air (weapon)
 o - a staff of earth
Jewellery
 j - an amulet of guardian spirit (around neck)
 l - a ring of willpower
 p - a ring of poison resistance (left hand)
 r - a ring of willpower
 s - a ring of fire
 t - a +6 ring of intelligence (right hand)
 P - a ring of ice
 R - a ring of flight
 X - a ring of protection from fire
Wands
 C - a wand of digging (5)
 D - a wand of mindburst (20)
 G - a wand of light (3)
 L - a wand of polymorph (12)
Scrolls
 c - 2 scrolls of fear
 g - 7 scrolls of identify
 k - 4 scrolls of teleportation
 m - a scroll of immolation
 u - 2 scrolls of enchant armour
 w - a scroll of magic mapping
 y - 4 scrolls of amnesia
 E - 2 scrolls of enchant weapon
 M - 3 scrolls of poison
 Q - 2 scrolls of blinking {unknown}
 S - a scroll of acquirement
Potions
 h - 5 potions of might
 n - 2 potions of ambrosia
 q - 3 potions of brilliance
 z - 2 potions of cancellation
 A - 2 potions of haste
 B - a potion of mutation
 F - 5 potions of curing
 I - a potion of berserk rage {unknown}
 N - a potion of magic
 U - a potion of heal wounds {unknown}
 W - a potion of invisibility
 Y - a potion of lignification {unknown}


   Skills:
 + Level 5.1 Fighting
 - Level 2.0 Short Blades
 - Level 3.0 Staves
 + Level 5.9 Ranged Weapons
 - Level 3.0 Throwing
 - Level 3.0 Armour
 + Level 7.7 Dodging
 - Level 5.0 Stealth
 + Level 4.4 Shields
 + Level 8.8 Spellcasting
 + Level 6.8 Conjurations
 + Level 2.4 Necromancy
 * Level 9.4 Air Magic
 - Level 3.0 Poison Magic
 - Level 3.0 Evocations


You had 10 spell levels left.
You knew the following spells:

 Your Spells              Type           Power      Damage    Failure   Level
a - Shock                 Conj/Air       100%       1d9       1%          1
b - Static Discharge      Conj/Air       100%       2-7/arc   1%          2
c - Airstrike             Air            41%        2d(6-22)  1%          4
d - Mephitic Cloud        Conj/Pois/Air  69%        N/A       1%          3
e - Swiftness             Air            83%        N/A       1%          3
f - Dispel Undead         Necr           28%        3d13      17%         4

Your spell library contained the following spells:

 Spells                   Type           Power      Damage    Failure   Level
 Kiss of Death            Conj/Necr      100%       2d13      1%          1
 Magic Dart               Conj           100%       1d8       1%          1
 Sublimation of Blood     Necr           28%        N/A       2%          2
 Call Imp                 Summ           13%        N/A       7%          2
 Wereblood                Tmut           13%        N/A       7%          2
 Call Canine Familiar     Summ           13%        N/A       14%         3
 Confusing Touch          Hex            13%        N/A       14%         3
 Portal Projectile        Hex/Tloc       26%        N/A       14%         3
 Leda's Liquefaction      Hex/Erth       6%         N/A       43%         4
 Summon Hydra             Summ           6%         N/A       100%        7


Dungeon Overview and Level Annotations

Branches:
Dungeon (12/15)            Temple (1/1) D:4            Lair (0/5) D:11
    Orc (0/2) D:9

Altars:
Ashenzari
Cheibriados
Dithmenos
Elyvilon
Fedhas
Gozag
Hepliaklqana
Kikubaaqudgha
Makhleb
Nemelex Xobeh
Okawaru
Qazlal
Ru
Sif Muna
Trog
Uskayaw
Vehumet
Wu Jian
Xom
Yredelemnul
Zin
The Shining One

Shops:
D:7 [(   D:8 [*:

Annotations:
D:10 exclusions: ice statue and orange crystal statue


Message History

You feel a surge of power!
The air twists around and strikes the brown ugly thing!
The brown ugly thing is moderately wounded.
Casting: Airstrike (dangerous; 1% risk of failure)
Confirm with . or Enter, or press ? or * to list all spells.
Aiming: Airstrike (dangerous; 1% risk of failure)
Press: ? - help, Dir - move target, f/p - brown ugly thing
Aim: a brown ugly thing (moderately wounded, empty space bonus: 8/8)
You feel a surge of power!
The air twists around and strikes the brown ugly thing!!!
The brown ugly thing is almost dead.
Casting: Airstrike (dangerous; 1% risk of failure)
Confirm with . or Enter, or press ? or * to list all spells.
Aiming: Airstrike (dangerous; 1% risk of failure)
Press: ? - help, Dir - move target, f/p - brown ugly thing
Aim: a brown ugly thing (almost dead, empty space bonus: 8/8)
You feel a surge of power!
The air twists around and strikes the brown ugly thing!!
You kill the brown ugly thing!
Casting: Airstrike (dangerous; 1% risk of failure)
Confirm with . or Enter, or press ? or * to list all spells.
You can't see any susceptible monsters within range! (Use Z to cast anyway.)
You start resting.
A centaur warrior comes into view. It is wielding a +3 glaive of freezing.
The centaur warrior shouts!
The centaur warrior drinks a potion.
The centaur warrior flickers and vanishes!
Deactivating autopickup; reactivate with Ctrl-A.
You hear a twanging sound.
An arrow appears from out of thin air!
The arrow hits you!
You hear a twanging sound.
An arrow appears from out of thin air!
The arrow hits you!
You hear a twanging sound.
An arrow appears from out of thin air!
The arrow hits you!!
You hear a twanging sound.
An arrow appears from out of thin air!
The arrow hits you!!
* * * LOW HITPOINT WARNING * * *
You hear a twanging sound.
An arrow appears from out of thin air!
The arrow hits you!!
You die...

........# .)[.....#
..†.....#
........#############
........##..........#
....)....#..........#
...........>........#
.).......#..........#
########........@<..#
#.#..........#
#.#..........# ##
##.#..........# .#
##..#..........#
.#####..#############
...#...## .#...###
.#.###


There were no monsters in sight!

Vanquished Creatures
  Josephine (D:10)
  Fannar (D:10)
  A boulder beetle (D:10)
  2 two-headed ogres
  Pikel (D:7)
  A deep elf pyromancer (D:12)
  A manticore (D:12)
  An ugly thing (D:12)
  2 trolls
  Grinder (D:6)
  Sigmund (D:6)
  2 wyverns
  6 wraiths
  8 yaks
  A basilisk (D:11)
  Menkaure (D:5)
  A steam dragon (D:8)
  Edmund (D:6)
  3 vampire mosquitoes
  Duvessa (D:4)
  4 acid dragons
  4 orc warriors
  2 sky beasts (D:7)
  An ice beast (D:6)
  2 black bears
  3 ogres (D:5)
  2 centaurs
  2 lemures (D:7)
  A phantom (D:6)
  3 kobold brigands
  4 bullfrogs
  2 gnoll sergeants
  14 wights
  Dowan (D:4)
  7 killer bees
  4 howler monkeys (D:8)
  2 gnoll boudas (D:5)
  4 hounds
  2 orc priests
  2 iguanas (D:5)
  7 orc wizards
  16 gnolls
  8 adders
  A shadow imp (D:7)
  A white imp (D:6)
  An ufetubus (D:5)
  3 worms
  3 dart slugs
  23 orcs
  5 ball pythons
  A bat zombie (D:3)
  7 endoplasms
  4 giant cockroaches
  11 goblins
  6 hobgoblins
  8 kobolds
  3 quokkas
  11 bats
  3 frilled lizards
  6 rats
  2 rat zombies (D:3)
233 creatures vanquished.

Vanquished Creatures (others)
  A fungus (D:11)
  3 plants (D:2)
4 creatures vanquished.

Grand Total: 237 creatures vanquished

Notes
Turn   | Place    | Note
-------+----------+-------------------------------------------
     0 | D:1      | Lobster4 the Deep Elf Air Elementalist began the quest for
                  | the Orb.
     0 | D:1      | Reached XP level 1. HP: 10/10 MP: 6/6
   367 | D:1      | Reached XP level 2. HP: 15/15 MP: 5/8
   593 | D:1      | Found a faded altar of an unknown god.
   958 | D:2      | Reached XP level 3. HP: 20/20 MP: 4/9
  1373 | D:2      | Reached skill level 1 in Fighting
  1896 | D:3      | Found a glowing golden altar of the Shining One.
  2000 | D:3      | Reached XP level 4. HP: 25/25 MP: 9/11
  2268 | D:3      | You fall into a shaft and drop 3 floors!
  2270 | D:6      | Noticed Sigmund
  2274 | D:5      | Entered Level 5 of the Dungeon
  2320 | D:5      | Noticed Menkaure
  2475 | D:5      | Noticed a gnoll sergeant
  2488 | D:5      | Killed a gnoll sergeant
  2489 | D:5      | Reached skill level 1 in Armour
  2489 | D:5      | Reached skill level 4 in Air Magic
  2489 | D:5      | Reached XP level 5. HP: 29/29 MP: 7/12
  2636 | D:5      | Learned a level 3 spell: Swiftness
  2709 | D:5      | Reached skill level 1 in Throwing
  2716 | D:5      | Reached XP level 6. HP: 19/34 MP: 3/14
  2883 | D:5      | Learned a level 2 spell: Static Discharge
  3191 | D:4      | Noticed Duvessa
  3191 | D:4      | Noticed Dowan
  3660 | D:3      | Found a bloodstained altar of Trog.
  3793 | D:3      | Found a blossoming altar of Fedhas.
  3905 | D:3      | Found a sacrificial altar of Ru.
  4468 | D:3      | Found an ancient bone altar of Kikubaaqudgha.
  4595 | D:4      | Found a staircase to the Ecumenical Temple.
  4621 | Temple   | Entered the Ecumenical Temple
  4644 | D:4      | Learned a level 3 spell: Mephitic Cloud
  4876 | D:4      | Reached XP level 7. HP: 29/39 MP: 7/15
  4900 | D:4      | Killed Dowan
  5119 | D:5      | Killed Menkaure
  5120 | D:5      | Reached skill level 1 in Short Blades
  5218 | D:5      | Reached skill level 1 in Poison Magic
  5464 | D:5      | Reached skill level 5 in Air Magic
  5564 | D:5      | Reached skill level 1 in Shields
  5916 | D:5      | Reached XP level 8. HP: 24/44 MP: 12/17
  6088 | D:6      | Learned a level 4 spell: Airstrike
  6120 | D:6      | Found Bury's Antique Weapon Shoppe.
  6158 | D:6      | Killed Sigmund
  6159 | D:6      | Reached skill level 5 in Spellcasting
  6361 | D:6      | Noticed Edmund
  6496 | D:6      | Noticed Grinder
  7075 | D:7      | Found a burning altar of Makhleb.
  7077 | D:7      | Found a glowing silver altar of Zin.
  7077 | D:7      | Noticed an angel
  7078 | D:7      | Noticed a green death
  7100 | D:7      | Reached skill level 5 in Stealth
  7200 | D:7      | Noticed Pikel
  7219 | D:7      | Killed Pikel
  7220 | D:7      | Reached skill level 5 in Dodging
  7220 | D:7      | Reached skill level 6 in Air Magic
  7220 | D:7      | Reached XP level 9. HP: 47/50 MP: 5/19
  7721 | D:7      | Identified a scroll of acquirement
  7721 | D:7      | Acquired a +2 cloak of preservation
  7746 | D:7      | Reached skill level 1 in Ranged Weapons
  7950 | D:7      | Found Osobbutu's Antique Armour Boutique.
  7958 | D:7      | Bought a pair of glowing gloves for 240 gold pieces
  7977 | D:7      | Found Nekuc's Weapon Boutique.
  8173 | D:8      | Reached skill level 1 in Evocations
  8564 | D:8      | Found Wuloreik's General Store.
  8896 | D:8      | Reached skill level 1 in Staves
  9151 | D:8      | Found Cuczydgh's Book Boutique.
  9382 | D:8      | Found Lionki's Armour Shoppe.
  9400 | D:8      | Reached skill level 7 in Air Magic
  9545 | D:8      | Noticed a two-headed ogre
  9611 | D:8      | Reached skill level 5 in Conjurations
  9947 | D:8      | Killed a two-headed ogre
  9948 | D:8      | Reached XP level 10. HP: 56/56 MP: 8/22
 10557 | D:9      | Found a shadowy altar of Dithmenos.
 10826 | D:9      | Found a white marble altar of Elyvilon.
 10969 | D:9      | Found a staircase to the Orcish Mines.
 11661 | D:9      | Found an iron altar of Okawaru.
 11666 | D:9      | Found an opulent altar of Gozag.
 11668 | D:9      | Found a stormy altar of Qazlal.
 11668 | D:9      | Found a basalt altar of Yredelemnul.
 11669 | D:9      | Found an ornate altar of the Wu Jian Council.
 11671 | D:9      | Found a radiant altar of Vehumet.
 11672 | D:9      | Found a snail-covered altar of Cheibriados.
 11811 | D:10     | Entered Level 10 of the Dungeon
 12285 | D:10     | Noticed Josephine
 12355 | D:10     | Killed Josephine
 12431 | D:10     | Reached skill level 8 in Air Magic
 12729 | D:10     | Noticed an orange crystal statue
 13174 | D:10     | Noticed a boulder beetle
 13184 | D:10     | Killed a boulder beetle
 13185 | D:10     | Reached XP level 11. HP: 62/62 MP: 4/24
 13701 | D:10     | Noticed Fannar
 13714 | D:10     | Killed Fannar
 14064 | D:6      | Killed Grinder
 14065 | D:6      | Reached skill level 5 in Ranged Weapons
 14188 | D:6      | Killed Edmund
 14811 | D:4      | Killed Duvessa
 15562 | D:11     | Learned a level 4 spell: Dispel Undead
 15740 | D:11     | Noticed a two-headed ogre
 15752 | D:11     | Killed a two-headed ogre
 15753 | D:11     | Reached skill level 1 in Necromancy
 15753 | D:11     | Reached skill level 9 in Air Magic
 16297 | D:11     | Found a staircase to the Lair.
 16864 | D:12     | Noticed a deep elf pyromancer
 16870 | D:12     | Killed a deep elf pyromancer
 17007 | D:12     | Reached skill level 5 in Fighting
 17394 | D:12     | Noticed a brown ugly thing
 17603 | D:12     | Killed a brown ugly thing
 17612 | D:12     | Noticed a centaur warrior
 17623 | D:12     | Shot with an arrow by something

Illustrated notes

Levels and vault maps discovered:
D:1:      lemuel_arrival_hallway, layout_basic,
          shapermc_ecumenical_altar_rom_forum
D:2:      layout_basic, serial_forest, infiniplex_forest_straight_1,
          infiniplex_forest_clump_tiny, infiniplex_forest_clump_small,
          infiniplex_forest_straight_4, infiniplex_forest_lined_3,
          infiniplex_forest_clump_small, infiniplex_forest_clump_medium
D:3:      layout_basic, fedhas_altar_1, lemuel_doored_altar, marbit_many_paths,
          general_overflow_altar, lemuel_zombie_altar_kikubaaqudgha,
          minivault_26, kennysheep_potato
D:4:      layout_basic, minmay_temple_entry_overgrown, uniq_duvessa
D:5:      layout_gridville, uniq_menkaure
D:6:      layout_cave_pools, serial_shops, shop, st_stairs_9,
          lemuel_flamethrower_2, uniq_edmund, uniq_sigmund, uniq_grinder
D:7:      layout_loops_ring, grunt_temple_overflow_order_and_chaos_2,
          serial_shops, shop_statue,
          nicolae_shop_temple_entry_statues_fountains,
          amcnicky_mini_corridor_feature, uniq_pikel
D:8:      minmay_spotlight, layout_layer_cave, serial_shops,
          nicolae_shop_behind_doors, nicolae_lakefront_shop, shop,
          kennysheep_generic_room_9
D:9:      layout_basic, kennysheep_little_box, grunt_dithmenos_smoke,
          minitemple, orc_0_dummy
D:10:     minmay_separated_statues, layout_basic, nzn_sisyphean_effort,
          uniq_josephine, uniq_fannar
D:11:     layout_loops_ring, david_lair_generic
D:12:     minmay_expanding_squares, layout_rooms, minmay_misc_feat_columns,
          trog_three_pillars_becter
Temple:   hellmonk_temple_two_chambers

Skill      XL: |  1  2  3  4  5  6  7  8  9 10 11 |
---------------+----------------------------------+-----
Fighting       | 1 2 3 4 5 |  5.1
Dodging        | 3 4 5 6 7 |  7.7
Stealth        | 3 4 5 |  5.0
Armour         | 1 2 3 |  3.0
Conjurations   | 2 3 4 5 6 |  6.8
Air Magic      | 4 5 6 7 8 9 |  9.4
Throwing       | 1 2 3 |  3.0
Spellcasting   | 4 5 6 7 8 |  8.8
Short Blades   | 1 2 |  2.0
Poison Magic   | 1 2 3 |  3.0
Shields        | 1 2 3 4 |  4.4
Ranged Weapons | 2 4 5 |  5.9
Evocations     | 2 3 |  3.0
Staves         | 1 3 |  3.0
Necromancy     | 2 |  2.4

Action                     |  1- 3 |  4- 6 |  7- 9 | 10-12 || total
---------------------------+-------+-------+-------+-------++-------
  Melee: Dagger            |       |       |    18 |       ||    18
         Staff             |       |       |     4 |     2 ||     6
  Throw: Dart              |       |       |    33 |     8 ||    41
   Cast: Shock             |    74 |   155 |   248 |   108 ||   585
         Mephitic Cloud    |       |       |     3 |       ||     3
         Airstrike         |       |       |    18 |   136 ||   154
         Static Discharge  |       |       |     4 |       ||     4
         Swiftness         |       |       |     1 |       ||     1
  Evoke: Wand              |       |       |     1 |     1 ||     2
    Use: Scroll            |       |    11 |    11 |       ||    22
         Potion            |       |       |     1 |     1 ||     2
   Stab: Sleeping          |       |       |     1 |     1 ||     2
 Armour: Robe              |     2 |     6 |    25 |    28 ||    61
  Dodge: Dodged            |     1 |    35 |    72 |    47 ||   155
  Block: Buckler           |       |       |    13 |    21 ||    34

Table legend: (Time is in decaauts)
 A = Elapsed time spent in this place.
 B = Non-inter-level travel time spent in this place.
 C = Inter-level travel time spent in this place.
 D = Time resting spent in this place.
 E = Time spent auto-exploring this place.
 F = Levels seen in this place.
 G = Mean time per level.
                   A        B        C        D        E       F      G
               +--------+--------+--------+--------+--------+-----+--------+
         Total |  17617 |  16454 |   1163 |   2892 |  11106 |  13 | 1355.2 |
       Dungeon |  17600 |  16437 |   1163 |   2892 |  11095 |  12 | 1466.7 |
        Temple |     17 |     17 |      0 |      0 |     11 |   1 |   17.0 |
               +--------+--------+--------+--------+--------+-----+--------+

Top non-repeatable levels by time:
    D:10: 2383 daAuts
     D:5: 2361 daAuts
     D:8: 2349 daAuts
     D:7: 1504 daAuts
     D:3: 1380 daAuts
    D:11: 1378 daAuts
     D:9: 1376 daAuts
     D:6: 1148 daAuts
     D:4: 1092 daAuts
     D:2: 1060 daAuts
     D:1: 787 daAuts
    D:12: 776 daAuts
  Temple: 17 daAuts
